 Dungeon Crawl Stone Soup version 0.28.0-47-ge53b351184 (webtiles) character file.

Game seed: 12696005791149522094

1355 vhorinek the Ducker (level 8, 0/61 HPs)
             Began as a Human Berserker on May 6, 2022.
             Was an Elder of Trog.
             Slain by a sixfirhy (4 damage)
             ... on level 7 of the Dungeon on May 9, 2022.
             The game lasted 00:26:24 (7019 turns).

vhorinek the Ducker (Human Berserker)               Turns: 7019, Time: 00:26:24

Health: 0/61       AC: 17    Str: 20    XL:     8   Next: 95%
Magic:  8/8        EV:  9    Int:  8    God:    Trog [****..]
Gold:   78         SH:  0    Dex: 12    Spells: 7/7 levels left

rFire   + . .      SeeInvis .   J - +1 falchion (vorpal)
rCold   . . .      Faith    .   (no shield)
rNeg    . . .      Spirit   .   M - +2 chain mail {rF+}
rPois   .          Reflect  .   (no helmet)
rElec   .          Harm     .   (no cloak)
rCorr   .          Rampage  .   (no gloves)
Will    .....                   C - +1 pair of boots
Stlth   ..........              (no amulet)
HPRegen 0.20/turn               p - +4 ring of protection
MPRegen 0.11/turn               (no ring)

@: no status effects
A: no striking features
a: Renounce Religion, Berserk, Trog's Hand, Brothers in Arms


You were on level 7 of the Dungeon.
You worshipped Trog.
Trog was greatly pleased with you.
You visited 1 branch of the dungeon, and saw 7 of its levels.

You collected 449 gold pieces.
You spent 371 gold pieces at shops.

Inventory:

Hand Weapons
 a - a +1 hand axe
 c - a +0 dagger
 d - a +0 dagger
 f - a +0 short sword
 i - a +0 club
 j - a +0 club
 m - a +0 hand axe
 n - a +0 whip
 t - a +1 hunting sling of freezing
 u - a +0 quarterstaff
 w - a +2 whip of electrocution
 E - a +1 mace of holy wrath
 J - a +1 vorpal falchion (weapon)
Missiles
 e - 147 stones (quivered)
 h - 10 poisoned darts
 P - 3 boomerangs
Armour
 b - a +1 animal skin
 g - a +0 ring mail
 k - a +0 chain mail
 l - a +0 robe
 v - a +0 ring mail
 C - a +1 pair of boots (worn)
 M - a +2 chain mail of fire resistance (worn)
Jewellery
 p - a +4 ring of protection (left hand)
 q - a ring of willpower
 I - a ring of magical power
Wands
 G - a wand of iceblast (1)
 O - a wand of flame (8)
Scrolls
 y - 6 scrolls of identify
 D - 2 scrolls of enchant armour
 H - 4 scrolls of teleportation
 K - a scroll of fear {unknown}
 L - a scroll of vulnerability {unknown}
Potions
 o - 5 potions of heal wounds
 r - 2 potions of curing {unknown}
 s - a potion of might {unknown}
 x - a potion of attraction {unknown}
 z - a potion of ambrosia {unknown}
 A - a potion of lignification {unknown}
 B - 2 potions of mutation {unknown}
 F - 2 potions of flight {unknown}
 N - a potion of invisibility {unknown}


   Skills:
 + Level 4.8 Fighting
 + Level 2.7 Long Blades
 + Level 5.1(6.1) Axes
 + Level 5.0(6.0) Maces & Flails
 + Level 0.8 Throwing
 + Level 2.4 Armour
 + Level 5.4 Dodging
 + Level 2.3 Stealth


You had 7 spell levels left.
You didn't know any spells.
Your spell library contained the following spells:

 Spells                   Type           Power      Damage    Failure   Level
 Gell's Gravitas          Tloc           0%         N/A       100%        3
 Lesser Beckoning         Tloc           0%         N/A       100%        3
 Teleport Other           Tloc           0%         N/A       100%        3


Dungeon Overview and Level Annotations

Branches:
Dungeon (7/15)             Temple (0/1) D:5

Altars:
Cheibriados
Elyvilon
Fedhas
Gozag
Kikubaaqudgha
Makhleb
Nemelex Xobeh
Okawaru
Sif Muna
Vehumet
Wu Jian
Yredelemnul

Shops:
D:2 (   D:4 *   D:5 (   D:6 [*


Message History

The kobold brigand completely misses you.
Things that are here:
a +0 dagger; 5 stones; a kobold corpse You hit the kobold brigand.
The kobold brigand is moderately wounded.
The kobold brigand hits you but does no damage. x2
You slash the kobold brigand!
The kobold brigand is severely wounded.
The kobold brigand hits you with a +0 dagger.
You slash the kobold brigand!
You kill the kobold brigand!
Trog accepts your kill.
Things that are here:
a +0 dagger; a +0 scale mail; a kobold corpse
e - 147 stones (gained 14)
Found a glowing glaive.
Found a runed translucent door.
You now have 78 gold pieces (gained 17).
Found an escape hatch in the ceiling.
You see here 3 boomerangs.
P - 3 boomerangs You open the door.
The sixfirhy hits you. The sixfirhy shocks you! The sixfirhy barely misses you.
The sixfirhy hits you but does no damage.
There is an open translucent door, spattered with blood here.
You miss the sixfirhy. The sixfirhy closely misses you. x2
The sixfirhy hits you. The sixfirhy shocks you!
The sixfirhy hits you but does no damage.
The sixfirhy hits you! The sixfirhy shocks you!
* * * LOW HITPOINT WARNING * * *
You closely miss the sixfirhy. The sixfirhy closely misses you.
The sixfirhy barely misses you. The sixfirhy closely misses you.
The sixfirhy hits you.
* * * LOW HITPOINT WARNING * * *
The sixfirhy shocks you!
* * * LOW HITPOINT WARNING * * *
The sixfirhy hits you but does no damage.
The sixfirhy barely misses you.
The sixfirhy hits you but does no damage.
The sixfirhy hits you.
You die...

..# ####.# #.#
#....# #.# #.####
##.#####.###
#..........#
#..#####.#.# #..#
#.#.# #..#####.#.#
#.#####.....3@.#.#
#<............##.#
##..###.#####.##.#
#..#)'.# #)##.#
##.###.#####.##.#
#.....##...)##.#
#####....>..)..#
####.####### #.


You could see a sixfirhy.

Vanquished Creatures
  Sigmund (D:3)
  A black bear (D:5)
  A necrophage (D:4)
  An ogre (D:4)
  A kobold brigand (D:7)
  2 scorpions
  3 hounds
  A bullfrog skeleton (D:4)
  A gnoll shaman (D:7)
  2 orc priests
  A jelly (D:6)
  Crazy Yiuf (D:3)
  A centaur skeleton (D:4)
  2 iguanas
  Natasha (twice) (D:3)
  A scorpion zombie (D:5)
  Ijyb (D:4)
  2 orc wizards (D:4)
  Robin (D:3)
  A howler monkey skeleton (D:5)
  9 gnolls
  2 adders
  2 adder skeletons (D:4)
  4 worms
  A dart slug (D:2)
  11 orcs
  2 bats (D:2)
  3 endoplasms
  2 giant cockroaches
  18 goblins
  12 hobgoblins
  14 jackals
  13 kobolds
  4 quokkas
  10 ball pythons
  4 frilled lizards
  A quokka skeleton (D:4)
  8 rats
147 creatures vanquished.

Notes
Turn   | Place    | Note
-------+----------+-------------------------------------------
     0 | D:1      | vhorinek the Human Berserker began the quest for the Orb.
     0 | D:1      | Reached XP level 1. HP: 18/18 MP: 1/1
   512 | D:1      | Reached XP level 2. HP: 24/24 MP: 2/2
  1116 | D:1      | Reached XP level 3. HP: 29/29 MP: 3/3
  1469 | D:1      | Reached ** piety under Trog
  2102 | D:2      | Found Itucohed's Weapon Shop.
  2312 | D:2      | Reached XP level 4. HP: 35/35 MP: 4/4
  3000 | D:3      | Found an ornate altar of the Wu Jian Council.
  3025 | D:3      | Found a sparkling altar of Nemelex Xobeh.
  3294 | D:3      | Found a basalt altar of Yredelemnul.
  3313 | D:3      | Found a runed translucent door.
  3314 | D:3      | Noticed Crazy Yiuf
  3318 | D:3      | Killed Crazy Yiuf
  3319 | D:3      | Reached XP level 5. HP: 41/41 MP: 5/5
  3405 | D:3      | Reached *** piety under Trog
  3570 | D:3      | Noticed Robin
  3589 | D:3      | Killed Robin
  3728 | D:3      | Found an ancient bone altar of Kikubaaqudgha.
  3742 | D:3      | Noticed Sigmund
  3745 | D:3      | Found a white marble altar of Elyvilon.
  3760 | D:3      | Killed Sigmund
  3761 | D:3      | Reached skill level 1 in Maces & Flails
  3761 | D:3      | Reached skill level 1 in Stealth
  3761 | D:3      | Reached XP level 6. HP: 30/48 MP: 6/6
  3959 | D:3      | Noticed Natasha
  3965 | D:3      | Killed Natasha
  3966 | D:3      | Reached skill level 5 in Axes
  4246 | D:3      | Noticed Natasha
  4261 | D:3      | Killed Natasha
  4382 | D:4      | Noticed Ijyb
  4403 | D:4      | Killed Ijyb
  4404 | D:4      | Reached XP level 7. HP: 44/53 MP: 7/7
  4705 | D:4      | Found a burning altar of Makhleb.
  4715 | D:4      | Reached **** piety under Trog
  4738 | D:4      | Found a shimmering blue altar of Sif Muna.
  4784 | D:4      | Found Moelieph's General Store.
  4830 | D:4      | Reached XP level 8. HP: 43/60 MP: 8/8
  4989 | D:4      | Found an iron altar of Okawaru.
  5019 | D:4      | Found an opulent altar of Gozag.
  5065 | D:4      | Found a radiant altar of Vehumet.
  5251 | D:5      | Entered Level 5 of the Dungeon
  5269 | D:5      | Reached skill level 5 in Dodging
  5356 | D:5      | Found a snail-covered altar of Cheibriados.
  5402 | D:5      | Found a staircase to the Ecumenical Temple.
  5467 | D:5      | Found Tunev's Weapon Emporium.
  5488 | D:5      | Bought a +1 vorpal falchion for 161 gold pieces
  5497 | D:5      | Found a blossoming altar of Fedhas.
  5938 | D:5      | Reached skill level 1 in Long Blades
  6560 | D:6      | Found Yjadocw's Antique Armour Shoppe.
  6571 | D:6      | Bought a glowing chain mail for 210 gold pieces
  6661 | D:6      | Reached skill level 5 in Maces & Flails
  6739 | D:6      | Found Patamet's Lightly-Used Armoury.
  7000 | D:7      | Found a runed translucent door.
  7000 | D:7      | Noticed a sixfirhy
  7015 | D:7      | HP: 3/61 [sixfirhy (10)]
  7019 | D:7      | Slain by a sixfirhy

Illustrated notes

Levels and vault maps discovered:
D:1:      dpeg_arrival_oval, layout_basic
D:2:      layout_loops_corners, serial_shops, nicolae_shop_bloodbath_and_beyond,
          minmay_tripent
D:3:      layout_basic, amcnicky_altar_gilded, mainiacjoe_overflow_tiny_flanked,
          mainiacjoe_overflow_24_doors, mainiacjoe_overflow_catwalk,
          nicolae_kikubaaqudgha_miasma_corner, minmay_goblin_outpost,
          uniq_robin, uniq_crazy_yiuf_cottage, uniq_natasha, uniq_sigmund
D:4:      layout_rooms, kennysheep_mini_moat, marbit_many_paths,
          nicolae_overflow_hidden_temple, serial_shops,
          nicolae_shop_statue_plus, minmay_misc_feat_square, uniq_ijyb
D:5:      layout_cave_pools, mainiacjoe_overflow_surrounded_room,
          fedhas_altar_2, minmay_temple_entry_mini_moons, serial_shops,
          shop_coins
D:6:      layout_loops_ring, serial_shops, nicolae_shop_statue_plus,
          minmay_shop_damaged, minivault_25
D:7:      cheibrodos_shockbox, layout_loops_ring, uniq_duvessa

Skill      XL: |  1  2  3  4  5  6  7  8 |
---------------+-------------------------+-----
Axes           | 4 5 |  5.1
Dodging        | 3 4 5 |  5.4
Maces & Flails | 1 2 3 5 |  5.0
Stealth        | 1 2 |  2.3
Fighting       | 4 |  4.8
Long Blades    | 2 |  2.7
Throwing       | |  0.8
Armour         | |  2.4

Action                   |  1- 3 |  4- 6 |  7- 9 || total
-------------------------+-------+-------+-------++-------
Melee: Hand axe          |   125 |    51 |       ||   176
       Punch             |     3 |     1 |     2 ||     6
       Whip              |       |   105 |   103 ||   208
       Falchion          |       |       |    88 ||    88
Throw: Stone             |    21 |     3 |     4 ||    28
       Dart              |     3 |       |       ||     3
Invok: Berserk           |     1 |     3 |     3 ||     7
  Use: Scroll            |     2 |     6 |       ||     8
 Stab: Sleeping          |       |       |     3 ||     3
Armor: Animal skin       |    29 |    74 |    56 ||   159
       Chain mail        |       |       |    22 ||    22
Dodge: Dodged            |    71 |   100 |   129 ||   300
